Map: Old Republic LE

Players

Karimbus - Winner!

  • Race: Zerg Zerg
  • League: Platinum
  • Spawn Location: 1:00

VOD

Have the link to the VOD?

Description

Testing to see if queenless builds are possible in sc2

Time

  • Played on: March 10, 2026, 2:13 p.m.
  • Length: 13:02
Show
View Real Time Build Order
Export as new Build Order

Karimbus Zerg - Winner!

Build Orders:  

Get SALT Encoding   

  12  0:01  Drone  
  13  0:19  Overlord  
  13  0:25  Drone  
  14  0:44  Drone x2  
  16  1:09  Hatchery  
  15  1:13  Drone  
  15  1:19  Drone  
  17  1:40  Spawning Pool  
  17  1:44  Extractor  
  17  1:46  Drone  
  16  1:52  Drone  
  16  1:57  Drone  
  18  2:10  Drone  
  19  2:36  Drone  
  19  2:39  Drone  
  21  2:40  Hatchery  
  20  2:51  Zergling x2  
  20  2:52  Zergling x2  
  22  3:11  Drone x2  
  24  3:21  Overlord  
  24  3:26  Drone  
  25  3:35  Drone  
  25  3:36  Drone  
  27  3:53  Drone x2  
  29  4:04  Metabolic Boost  
  29  4:14  Drone x2  
  29  4:15  Extractor  
  30  4:23  Drone x3  
  30  4:24  Lair  
  33  4:39  Evolution Chamber  
  32  4:40  Evolution Chamber  
  32  4:45  Drone  
  32  4:47  Drone  
  32  4:49  Hatchery  
  32  4:59  Drone x4  
  36  5:19  Spore Crawler  
  35  5:21  Spore Crawler  
  35  5:25  Spore Crawler  
  35  5:29  Hydralisk Den  
  31  5:30  Drone x2  
  31  5:31  Drone  
  31  5:33  Drone  
  31  5:36  Drone  
  31  5:39  Drone  
  37  5:45  Overlord  
  37  5:53  Overseer  
  37  5:54  Drone  
  37  5:55  Drone  
  37  5:56  Drone  
  40  6:00  Drone  
  40  6:06  Overlord  
  41  6:15  Hydralisk  
  41  6:16  Hydralisk  
  41  6:18  Hydralisk  
  47  6:29  Drone  
  48  6:30  Drone  
  48  6:31  Drone  
  48  6:39  Drone  
  51  6:41  Queen  
  51  6:42  Drone  
  51  6:47  Zerg Missile Weapons Level 1  
  54  6:56  Drone  
  54  6:57  Drone x2  
  54  6:58  Drone x3  
  60  7:04  Extractor  
  60  7:06  Overlord  
  60  7:08  Extractor  
  58  7:21  Overlord  
  58  7:22  Hydralisk  
  58  7:23  Hydralisk  
  62  7:47  Drone x2  
  62  7:48  Drone  
  62  7:49  Drone x3  
  68  7:51  Hydralisk x3  
  68  7:53  Zergling x2  
  68  7:54  Overlord  
  68  7:55  Unknown  
  75  8:02  Overseer  
  75  8:05  Drone x4  
  79  8:10  Extractor  
  79  8:13  Extractor  
  77  8:24  Hydralisk  
  77  8:25  Hydralisk  
  77  8:26  Spore Crawler  
  77  8:27  Zergling x4  
  82  8:43  Hydralisk  
  82  8:46  Zergling x6  
  87  8:58  Hatchery  
  86  9:02  Zerg Ground Armor Level 1  
  86  9:07  Zergling x2  
  86  9:09  Overlord x2  
  87  9:10  Overlord x2  
  87  9:30  Overlord  
  87  9:31  Overlord  
  87  9:41  Hydralisk x4  
  87  9:42  Hydralisk x2  
  87  9:44  Unknown, Zergling x2  
  87  9:45  Zergling x4  
  102  9:59  Hydralisk x3  
  108  10:00  Zergling x2  
  109  10:20  Hydralisk  
  109  10:21  Hydralisk x4  
  109  10:25  Overlord  
  119  10:33  Hatchery  
  119  10:39  Drone x3  
  65  10:40  Drone x2  
  123  10:53  Drone x4  
  123  10:59  Extractor  
  126  11:03  Extractor  
  122  11:12  Hydralisk x6  
  121  11:29  Hydralisk x4  
  127  11:32  Hydralisk  
  129  11:40  Drone x4  
  131  11:59  Infestation Pit  
  128  12:18  Hydralisk  
  128  12:19  Hydralisk x5  
  138  12:20  Hydralisk x2  
  138  12:27  Drone  
  138  12:28  Drone x4  
Tags
 
Add a new tag
Caveats
  • Supply blocks, unpowered buildings, or Contaminate may cause inaccurate times.
  • Supply counts are checked every 10 seconds.